 Dungeon Crawl Stone Soup version 0.32-a0-868-g153ae1a8d6 (webtiles) character file.

Game seed: 2939341982854983771

478 Xavori the Trooper (level 7, -19/52 HPs)
             Began as a Djinni Chaos Knight on Mar 28, 2024.
             Was a Plaything of Xom.
             Demolished by a mummy (25 damage)
             ... in an ossuary.
             The game lasted 00:04:21 (12077 turns).

Xavori the Trooper (Djinni Chaos Knight)           Turns: 12077, Time: 00:04:22

Health: -19/52     AC:  5    Str: 19    XL:     7   Next: 33%
Gold:   16         EV: 11    Int: 12    God:    Xom [.*....] SH:  0 Dex: 12

rFire   + + .        a - +0 falchion (chaos)
rCold   x x .        (no shield)
rNeg    . . .        b - +2 leather armour
rPois   ∞            (helmet restricted)
rElec   .            (no cloak)
rCorr   .            (no gloves)
SInv    .            (boots unavailable)
Will    .....        (no amulet)
Stlth   +            (no ring)
HPRegen 1.08/turn    (no ring)
MPRegen 0.00/turn

%: infuse magic (-20 HP)
@: flying, slowed, very slow
A: sickness immunity, fire resistance 2, cold vulnerability 2, float, innate
caster, HP casting, extra vitality 1, antennae 1, sense surroundings 1,
regeneration 1, strong 2, wild magic 1
a: Renounce Religion


You were in an ossuary.
You worshipped Xom.
You were a plaything of Xom.
You visited 1 branch of the dungeon, and saw 4 of its levels.
You also visited: Ossuary.

You collected 236 gold pieces.
You spent 220 gold pieces at shops.

Inventory:

Hand Weapons
 a - a +0 falchion of chaos (weapon)
Armour
 b - a +2 leather armour (worn)
Wands
 k - a wand of polymorph (8)
 o - a wand of iceblast (7)
Scrolls
 c - a scroll of butterflies
 e - 2 scrolls of silence
 g - 5 scrolls of teleportation
 h - 2 scrolls of poison
 j - 2 scrolls of immolation
 l - a scroll of fear {unknown}
 n - a scroll of revelation {unknown}
 p - a scroll of blinking {unknown}
 s - a scroll of enchant armour {unknown}
 t - a scroll of enchant weapon {unknown}
Potions
 d - a potion of experience {unknown}
 f - 2 potions of curing {unknown}
 i - a potion of might {unknown}
 m - a potion of attraction {unknown}
 q - 3 potions of heal wounds
 r - a potion of magic {unknown}


   Skills:
 + Level 4.1 Fighting
 + Level 3.7 Long Blades
 + Level 2.9 Armour
 + Level 3.7 Dodging
 * Level 3.1 Spellcasting
 * Level 3.1 Conjurations
 * Level 3.1 Hexes
   Level 0.0 Charms
 * Level 3.1 Summonings
 * Level 3.1 Necromancy
 * Level 3.1 Translocations
   Level 0.0 Transmutations
 * Level 3.1 Fire Magic
 * Level 3.1 Ice Magic
 * Level 3.1 Air Magic
 * Level 3.1 Earth Magic
 * Level 3.1 Alchemy


You knew the following spells:

 Your Spells              Type           Power      Damage    Failure   Level
a - Kiss of Death         Conj/Necr      48%        2d9       13%         1
b - Momentum Strike       Conj/Tloc      24%        3d8       17%         2
c - Confusing Touch       Hex            12%        N/A       32%         3
Your spell library was empty.

Dungeon Overview and Level Annotations

Branches:
Dungeon (4/15)            Ossuary (1/1)
 Temple: D:4-7

Altars:
Makhleb

Shops:
D:1 **   D:3 *

Annotations:
D:3 3 runed translucent doors, gosagan's ghost, amateur OnHW


Innate Abilities, Weirdness & Mutations

You are immune to sickness and miasma.
You are immune to poison.
Your flesh is very heat resistant. (rF++)
You are very vulnerable to cold. (rC--)
You float through the air rather than walking.
You learn spells naturally, not from books.
Your magical power is your life essence.
You have superior vitality. (+4 MHP)
You have a pair of small antennae on your head.
You passively map a small area around you.
Your natural rate of healing is unusually fast.
Your muscles are very strong. (Str +8, Int/Dex -2)
Your spells are a little harder to cast, but a little more powerful.


Message History

You hit the bog mummy. You burn the bog mummy.
The bog mummy is heavily damaged.
The bog mummy hits you but does no damage.
You hit the bog mummy.
The bog mummy's magic leaks into the air.
The bog mummy is severely damaged.
The bog mummy gestures at you while chanting.
The puff of frost hits you!
You feel a terrible chill!
You hit the bog mummy.
The bog mummy seems to speed up.
The bog mummy is severely damaged.
The bog mummy casts a spell at you.
You easily resist.
You completely miss the bog mummy.
The bog mummy is severely damaged.
The bog mummy points at you and mumbles some strange words.
You easily resist.
You hit the bog mummy but do no damage.
The bog mummy is severely damaged.
The bog mummy hits you but does no damage.
You hit the bog mummy but do no damage.
The bog mummy is severely damaged.
The bog mummy's magic is no longer disrupted.
The mummy hits you!
The bog mummy points at you and mumbles some strange words.
You feel yourself slow down.
You hit the bog mummy but do no damage.
Lightning courses through the bog mummy!
You destroy the bog mummy!
The mummy hits you.
You emit a cloud of colourful smoke!
Unknown command.
You hit the mummy but do no damage.
The mummy seems to grow stronger.
The mummy hits you!
You barely miss the mummy. The mummy hits you!
* * * LOW HITPOINT WARNING * * *
You hit the mummy.
The mummy seems to speed up.
The mummy is lightly damaged.
The mummy hits you!!
You die...
Xom laughs nastily!

* #* ##~#
* #.#.
#.~, ~ ~
+.~, , ,
*#.#####
*{+§#...#~
, ,
###@§.∩.#
,
#.§M#..∩#
,
###.#####
** {+.+{*
, *#.# **
,* * ,+.#
,, #.' ,
'.# , +
#.# *


You could see a mummy (fast, strong).

Vanquished Creatures
  Sigmund (D:2)
  A bombardier beetle (D:2)
  An iguana (D:4)
  3 hound zombies (D:4)
  A hound skeleton (D:4)
  2 mummies (Ossuary)
  7 adders
  3 adder zombies (D:4)
  2 adder skeletons (D:4)
  2 dart slugs
  A ribbon worm (D:2)
  6 bats
  8 endoplasms
  3 giant cockroaches
  8 goblins
  9 hobgoblins
  A jackal (D:3)
  6 quokkas
  5 ball pythons
  A frilled lizard (D:2)
  7 kobolds
  4 rats
82 creatures vanquished.

Vanquished Creatures (collateral kills)
  A rat (D:2)
1 creature vanquished.

Grand Total: 83 creatures vanquished

Notes
Turn   | Place    | Note
-------+----------+-------------------------------------------
     0 | D:1      | Xavori the Djinni Chaos Knight began the quest for the Orb.
     0 | D:1      | Reached XP level 1. HP: 20/20 MP: 0/0
   179 | D:1      | XOM: confusion
   225 | D:1      | Found Meapna's Book Shoppe.
   432 | D:1      | Found Hapsoc's Assorted Antiques.
   532 | D:1      | Bought a scroll labelled XITHRE XECKAATZ for 25 gold pieces
   573 | D:1      | Reached XP level 2. HP: 25/25 MP: 0/0
   646 | D:1      | Found Fachumo's General Store.
   701 | D:1      | XOM: summons 2 hostile demons
   702 | D:1      | Noticed a quasit
   702 | D:1      | Noticed a quasit
   733 | D:1      | XOM: noise
  1265 | D:1      | XOM: give mutation
  2048 | D:1      | XOM: summons 1 hostile demon
  2238 | D:1      | XOM: give mutations
  2238 | D:1      | Gained mutation: Your muscles are strong. (Str +4, Int/Dex
                  | -1) [Xom's mischief]
  2238 | D:1      | Gained mutation: You are clumsy. (Dex -2) [Xom's mischief]
  2238 | D:1      | Gained mutation: Your natural rate of healing is unusually
                  | fast. [Xom's mischief]
  2341 | D:1      | XOM: draining
  2444 | D:1      | XOM: silly message
  2528 | D:1      | XOM: draining
  2568 | D:1      | XOM is BORED!
  2568 | D:1      | XOM: give mutations
  2568 | D:1      | Gained mutation: You are very vulnerable to cold. (rC--)
                  | [Xom's mischief]
  2568 | D:1      | Gained mutation: You are robust. (+10% HP) [Xom's mischief]
  2760 | D:1      | XOM: give mutations
  2760 | D:1      | Gained mutation: Your muscles are very strong. (Str +8,
                  | Int/Dex -2) [Xom's mischief]
  2760 | D:1      | Lost mutation: You are clumsy. (Dex -2) [Xom's mischief]
  2845 | D:1      | XOM: silly message
  3059 | D:1      | XOM: god gift: 8 gold pieces
  3572 | D:1      | XOM: silly message
  4144 | D:1      | XOM: give mutations
  4144 | D:1      | Lost mutation: You are robust. (+10% HP) [Xom's mischief]
  4144 | D:1      | Gained mutation: Armour fits poorly on your strangely
                  | shaped body. [Xom's mischief]
  4144 | D:1      | Gained mutation: You have a pair of small antennae on your
                  | head. [Xom's mischief]
  4144 | D:1      | Gained mutation: Your spells are a little harder to cast,
                  | but a little more powerful. [Xom's mischief]
  4469 | D:1      | XOM: god gift: 6 gold pieces
  4568 | D:1      | XOM: cloud trail
  4744 | D:1      | XOM: torment (10/17 hp)
  5281 | D:1      | XOM: god gift: scroll labelled EKKEIGR VINU {god gift}
  5713 | D:1      | Reached XP level 3. HP: 22/23 MP: 0/0
  5713 | D:1      | Learned a level 1 spell: Kiss of Death
  8372 | D:1      | XOM is BORED!
  8572 | D:1      | XOM: stat loss: -1 Dex (4/12)
  8814 | D:1      | XOM: noise
  9057 | D:1      | XOM: give mutations
  9057 | D:1      | Lost mutation: Armour fits poorly on your strangely shaped
                  | body. [Xom's mischief]
  9057 | D:1      | Gained mutation: You heal very quickly. [Xom's mischief]
  9057 | D:1      | Gained mutation: You passively map a small area around you.
                  | [Xom's mischief]
  9057 | D:1      | Lost mutation: You heal very quickly. [Xom's mischief]
  9884 | D:2      | Reached skill level 1 in Spellcasting
  9884 | D:2      | Reached skill level 1 in Conjurations
  9884 | D:2      | Reached skill level 1 in Hexes
  9884 | D:2      | Reached skill level 1 in Summonings
  9884 | D:2      | Reached skill level 1 in Necromancy
  9884 | D:2      | Reached skill level 1 in Translocations
  9884 | D:2      | Reached skill level 1 in Fire Magic
  9884 | D:2      | Reached skill level 1 in Ice Magic
  9884 | D:2      | Reached skill level 1 in Air Magic
  9884 | D:2      | Reached skill level 1 in Earth Magic
  9884 | D:2      | Reached skill level 1 in Alchemy
 10007 | D:1      | Bought a scroll labelled SAMUVY POEVIBOSIV for 25 gold
                  | pieces
 10050 | D:2      | Noticed Sigmund
 10055 | D:2      | XOM: chaos upgrade
 10068 | D:2      | Killed Sigmund
 10069 | D:2      | Reached XP level 4. HP: 28/36 MP: 0/0
 10069 | D:2      | Reached XP level 5. HP: 31/40 MP: 0/0
 10069 | D:2      | Learned a level 2 spell: Momentum Strike
 10069 | D:2      | Reached XP level 6. HP: 36/46 MP: 0/0
 10117 | D:2      | XOM: divination: detect items
 10183 | D:2      | XOM: silly message
 10248 | D:2      | Found a burning altar of Makhleb.
 10277 | D:2      | XOM: cloud trail
 10416 | D:2      | XOM: divination: detect items
 10708 | D:2      | XOM: god gift: 2 javelins
 10712 | D:2      | XOM: god gift: 20 gold pieces
 10772 | D:2      | XOM: silly message
 10897 | D:1      | Bought 2 potions of heal wounds for 120 gold pieces
 10977 | D:2      | Glimpsed the power of Zot.
 11277 | D:3      | Found Jeag's General Store.
 11285 | D:3      | Bought a potion of heal wounds for 50 gold pieces
 11293 | D:3      | Found a runed translucent gate.
 11295 | D:3      | Found a runed translucent gate.
 11295 | D:3      | Found a runed translucent gate.
 11466 | D:3      | XOM: 6-stop teleportation journey
 11793 | D:3      | XOM: silly message
 11856 | D:3      | Noticed gosagan's ghost (amateur OnHW)
 11963 | D:4      | Reached skill level 4 in Fighting
 11963 | D:4      | Reached XP level 7. HP: 52/52 MP: 0/0
 11963 | D:4      | Learned a level 3 spell: Confusing Touch
 12029 | D:4      | Found a sand-covered staircase.
 12054 | Ossuary  | Entered an ossuary
 12074 | Ossuary  | XOM: smoke on damage
 12077 | Ossuary  | Demolished by a mummy

Illustrated notes

Levels and vault maps discovered:
D:1:      erik_arrival_triangle_large, layout_loops_corners, serial_shops, shop,
          shop, shop, chequers_arboretum, minmay_tetromino_l2
D:2:      layout_loops_cross, basic_altar, st_stairs_11, minmay_divided_ellipse,
          uniq_sigmund
D:3:      layout_basic, ebering_ghost_rock_garden, serial_shops, shop,
          st_stairs_3, grunt_ministairs_2
D:4:      layout_basic, nicolae_overflow_crystal_walls,
          minmay_temple_entry_glassed_door,
          mainiacjoe_ossuary_entry_find_the_door, serial_shops, shop
Ossuary:  ossuary_zaba_flooded

Skill      XL: |  1  2  3  4  5  6  7 |
---------------+----------------------+-----
Spellcasting   | 2 3 |  3.1
Conjurations   | 2 3 |  3.1
Hexes          | 2 3 |  3.1
Summonings     | 2 3 |  3.1
Necromancy     | 2 3 |  3.1
Translocations | 2 3 |  3.1
Fire Magic     | 2 3 |  3.1
Ice Magic      | 2 3 |  3.1
Air Magic      | 2 3 |  3.1
Earth Magic    | 2 3 |  3.1
Alchemy        | 2 3 |  3.1
Long Blades    | 3 |  3.7
Armour         | 2 |  2.9
Dodging        | 3 |  3.7
Fighting       | 4 |  4.1

Action                     |  1- 3 |  4- 6 |  7- 9 || total
---------------------------+-------+-------+-------++-------
  Melee: Falchion          |    58 |   186 |    68 ||   312
         Unarmed           |     9 |     1 |       ||    10
  Evoke: Wand              |       |       |     1 ||     1
    Use: Scroll            |     3 |     3 |       ||     6
   Stab: Petrified         |       |     6 |       ||     6
 Armour: Leather armour    |   105 |   126 |    44 ||   275
         Skin              |     1 |       |       ||     1
  Dodge: Dodged            |   111 |   104 |    28 ||   243

Table legend: (Time is in decaauts)
 A = Elapsed time spent in this place.
 B = Non-inter-level travel time spent in this place.
 C = Inter-level travel time spent in this place.
 D = Time resting spent in this place.
 E = Time spent auto-exploring this place.
 F = Levels seen in this place.
 G = Mean time per level.
                   A        B        C        D        E       F      G
               +--------+--------+--------+--------+--------+-----+--------+
         Total |  12122 |  11690 |    432 |   8840 |   2091 |   5 | 2424.4 |
       Dungeon |  12096 |  11664 |    432 |   8840 |   2088 |   4 | 3024.0 |
       Ossuary |     26 |     26 |      0 |      0 |      3 |   1 |   26.0 |
               +--------+--------+--------+--------+--------+-----+--------+

Top non-repeatable levels by time:
     D:1: 10122 daAuts
     D:3: 947 daAuts
     D:2: 885 daAuts
     D:4: 141 daAuts
 Ossuary: 26 daAuts
